 Dungeon Crawl Stone Soup version 0.30-a0-847-g17996783a1 (webtiles) character file.

Game seed: 5581685930515517019

1926 ders the Thaumaturge (level 9, -1/55 HPs)
             Began as a Djinni Conjurer on Mar 3, 2023.
             Was an Initiate of Ashenzari.
             Shot with an arrow by a centaur (8 damage)
             ... on level 6 of the Dungeon.
             The game lasted 00:08:05 (5385 turns).

ders the Thaumaturge (Djinni Conjurer)              Turns: 5385, Time: 00:08:06

Health: -1/55      AC:  6    Str:  6    XL:     9   Next: 40%
Gold:   343        EV: 12    Int: 24    God:    Ashenzari [......] SH:  0 Dex: 12

rFire   + + .      SeeInvis .    c - +2 hand axe (elec)
rCold   x . .      Faith    .    (no shield)
rNeg    . . .      Spirit   .    a - +0 robe
rPois   ∞          Reflect  .    (no helmet)
rElec   .          Rampage  .    h - +0 cloak
rCorr   .                        d - +2 pair of gloves
Will    .....                    (boots unavailable)
Stlth   ++                       e - amulet of the acrobat
HPRegen 0.29/turn                (no ring)
MPRegen 0.00/turn                (no ring)

@: marked, flying
A: sickness immunity, fire resistance 2, cold vulnerability 1, float, innate
caster, HP casting, extra vitality 1
a: Renounce Religion


You were on level 6 of the Dungeon.
You worshipped Ashenzari.
Ashenzari was noncommittal.
You visited 2 branches of the dungeon, and saw 9 of its levels.
You also visited: Sewer.

You collected 343 gold pieces.

Inventory:

Hand Weapons
 c - a +2 hand axe of electrocution (weapon)
Armour
 a - a +0 robe (worn)
 d - a +2 pair of gloves (worn)
 h - a +0 cloak (worn)
Jewellery
 e - an amulet of the acrobat (around neck)
 q - the ring "Vep Ezxa" {rC+ rN+ Stlth+}
   (You found it on level 4 of the Dungeon)

   [ring of positive energy]

   rC:        It protects you from cold.
   rN:        It protects you from negative energy.
   Stlth:     It makes you more stealthy.
Wands
 n - a wand of flame (11)
 x - a wand of charming (7)
Scrolls
 b - a scroll of poison
 i - 2 scrolls of brand weapon
 j - 3 scrolls of fear
 m - a scroll of identify
 p - a scroll of vulnerability
 s - a scroll of torment {unknown}
 t - a scroll of fog {unknown}
 u - a scroll of noise {unknown}
 v - a scroll of enchant armour {unknown}
 w - 2 scrolls of teleportation
Potions
 f - a potion of lignification
 g - 3 potions of magic {unknown}
 k - a potion of brilliance {unknown}
 l - a potion of haste {unknown}
 o - a potion of heal wounds
 r - a potion of invisibility {unknown}
 z - a potion of cancellation {unknown}
 A - a potion of degeneration {unknown}


   Skills:
 - Level 2.1 Dodging
 - Level 1.5 Stealth
 + Level 9.6 Spellcasting


You knew the following spells:

 Your Spells              Type           Power      Damage    Failure   Level
a - Magic Dart            Conj           100%       1d8       1%          1
b - Searing Ray           Conj           100%       2d8       1%          2
c - Dazzling Flash        Conj/Hex       100%       N/A       1%          3
d - Fulminant Prism       Conj/Hex       27%        3d14      1%          4
e - Iskenderun's Mystic   Conj/Tloc      55%        2d12      1%          4
f - Shock                 Conj/Air       100%       1d9       1%          1
g - Passwall              Tmut/Erth      45%        N/A       1%          2
h - Teleport Other        Tloc           55%        N/A       1%          3
i - Swiftness             Air            55%        N/A       1%          3
Your spell library was empty.

Dungeon Overview and Level Annotations

Branches:
Dungeon (8/15)             Temple (1/1) D:5           Sewer (visited)
   Lair: D:8-11

Altars:
Ashenzari
Dithmenos
Elyvilon
Fedhas
Gozag
Nemelex Xobeh
Okawaru
Qazlal
Ru
Trog
Uskayaw
Xom
Yredelemnul
Zin

Shops:
D:4 *


Innate Abilities, Weirdness & Mutations

You are immune to sickness and miasma.
You are immune to poison.
Your flesh is very heat resistant. (rF++)
You are vulnerable to cold. (rC-)
You float through the air rather than walking.
You learn spells naturally, not from books.
Your magical power is your life essence.
You have superior vitality. (+4 MHP)


Message History

You erupt in a blast of force!
The mystic blast hits the gnoll!
The gnoll is almost dead.
The gnoll is knocked back by the mystic blast.
The gnoll slams into the rock wall!
You kill the gnoll!
The mystic blast hits the gnoll!
The gnoll is almost dead.
The mystic blast hits the gnoll.
The gnoll is moderately wounded.
The gnoll is knocked back by the mystic blast.
The gnoll slams into the rock wall!
You kill the gnoll!
The mystic blast hits the wight.
You destroy the wight!
The gnoll hits you from afar with a +0 spear.
* * * LOW HITPOINT WARNING * * *
Casting: Iskenderun's Mystic Blast (dangerous; 1% risk of failure)
Confirm with . or Enter, or press ? or * to list all spells.
Aiming: Searing Ray (safe; 1% risk of failure)
Press: ? - help, Shift-Dir - straight line, f - gnoll
Aim: a gnoll, wielding a +0 spear (almost dead, 85% to hit)
The searing ray hits the gnoll.
You kill the gnoll! (Press . to maintain the ray.)
* * * LOW HITPOINT WARNING * * *
An ufetubus comes into view.
Unknown command.
A hound comes into view.
A centaur comes into view.
Casting: Searing Ray (safe; 1% risk of failure)
Confirm with . or Enter, or press ? or * to list all spells.
You erupt in a blast of force!
The mystic blast hits the ufetubus!
You kill the ufetubus!
The mystic blast hits the hound!
The hound is severely wounded.
The hound is knocked back by the mystic blast.
* * * LOW HITPOINT WARNING * * *
The centaur wields a +0 shortbow.
The centaur shoots an arrow.
The arrow hits you!
You die...

# ... ######...
.....######)..c..#
....h..@...>#
.....####)..).#
... #.()..# .
#.5...# ###.###
#.# ..# ...


You could see a centaur and a hound.

Vanquished Creatures
  Eustachio (D:5)
  A water moccasin (D:5)
  A black bear (D:3)
  An orc warrior (D:5)
  2 centaurs (D:5)
  A phantom (D:5)
  A kobold brigand (D:7)
  4 scorpions
  A bullfrog (D:4)
  A gnoll sergeant (D:7)
  A wight (D:6)
  A howler monkey (D:5)
  5 orc priests
  2 hounds (D:5)
  2 jellies
  An iguana (D:5)
  4 orc wizards
  Robin (D:2)
  8 gnolls
  9 adders
  5 river rats
  A shadow imp (D:5)
  A white imp (D:5)
  An ufetubus (D:6)
  2 worms
  A dart slug (D:2)
  12 orcs
  14 endoplasms
  9 giant cockroaches
  14 goblins
  9 hobgoblins
  8 jackals (D:4)
  6 kobolds
  3 quokkas
  6 ball pythons
  2 bats (D:1)
  5 frilled lizards
  8 rats
155 creatures vanquished.

Vanquished Creatures (others)
  An angel (D:4)
  16 fulminant prisms
17 creatures vanquished.

Grand Total: 172 creatures vanquished

Notes
Turn   | Place    | Note
-------+----------+-------------------------------------------
     0 | D:1      | ders the Djinni Conjurer began the quest for the Orb.
     0 | D:1      | ders set off with the following spells memorised: Magic
                  | Dart, Searing Ray, Dazzling Flash, Fulminant Prism,
                  | Iskenderun's Mystic Blast.
     0 | D:1      | Reached XP level 1. HP: 15/15 MP: 0/0
   236 | D:1      | Reached XP level 2. HP: 19/21 MP: 0/0
   416 | D:1      | Found a faded altar of an unknown god.
   835 | D:2      | Reached XP level 3. HP: 24/25 MP: 0/0
   835 | D:2      | Learned a level 1 spell: Shock
   928 | D:2      | Reached skill level 4 in Spellcasting
  1005 | D:2      | Noticed Robin
  1013 | D:2      | Killed Robin
  1016 | D:2      | Reached XP level 4. HP: 13/31 MP: 0/0
  1434 | D:3      | Found a hide-covered altar of Uskayaw.
  1439 | D:3      | Noticed a +0 hand axe
  1440 | D:3      | Noticed a +0 dagger
  1682 | D:3      | Noticed a black bear
  1688 | D:3      | Killed a black bear
  1689 | D:3      | Reached skill level 5 in Spellcasting
  1689 | D:3      | Reached XP level 5. HP: 26/35 MP: 0/0
  1689 | D:3      | Learned a level 2 spell: Passwall
  1736 | D:3      | Found a blossoming altar of Fedhas.
  1876 | D:4      | Found Xuptustri's General Store.
  1917 | D:4      | Reached XP level 6. HP: 12/40 MP: 0/0
  2025 | D:4      | Found a glowing drain.
  2029 | Sewer    | Entered a sewer
  2340 | Sewer    | Found a shimmering altar of Xom.
  2356 | Sewer    | Reached skill level 6 in Spellcasting
  2441 | Sewer    | Reached XP level 7. HP: 43/45 MP: 0/0
  2441 | Sewer    | Learned a level 3 spell: Teleport Other
  2826 | D:4      | Identified the ring "Vep Ezxa" {rC+ rN+ Stlth+}
  2966 | D:4      | Killed an angel
  3080 | D:4      | Found a glowing silver altar of Zin.
  3100 | D:4      | Found a shimmering altar of Xom.
  3885 | D:5      | Entered Level 5 of the Dungeon
  3897 | D:5      | Reached skill level 7 in Spellcasting
  3897 | D:5      | Reached XP level 8. HP: 32/50 MP: 0/0
  4248 | D:5      | Reached skill level 8 in Spellcasting
  4588 | D:5      | Found a staircase to the Ecumenical Temple.
  4668 | Temple   | Entered the Ecumenical Temple
  4952 | Temple   | Became a worshipper of Ashenzari the Shackled
  5022 | D:5      | Reached XP level 9. HP: 45/55 MP: 0/0
  5022 | D:5      | Learned a level 3 spell: Swiftness
  5140 | D:5      | Noticed Eustachio
  5148 | D:5      | Killed Eustachio
  5149 | D:5      | Reached skill level 9 in Spellcasting
  5311 | D:5      | You are sucked into a shaft and drop 3 floors!
  5351 | D:7      | Found a basalt altar of Yredelemnul.
  5385 | D:6      | Shot with an arrow by a centaur

Illustrated notes

Levels and vault maps discovered:
D:1:      dpeg_arrival_rooms_a, layout_rooms, serial_rivers,
          chequers_serial_rivers_small_b, chequers_serial_rivers_room_a,
          chequers_serial_rivers_micro_e, chequers_serial_rivers_small_b,
          shapermc_ecumenical_altar_ellora
D:2:      layout_loops_ring, uniq_robin
D:3:      layout_rooms, dancing_weapons_uskayaw, fedhas_altar_4
D:4:      layout_layer_cave, lemuel_blue_sif_altar,
          grunt_temple_overflow_order_and_chaos_1, serial_shops,
          nicolae_lakefront_shop, gup_sewer_entry_spiral
D:5:      layout_loops_ring, minmay_temple_entry_offerings,
          hangedman_decor_clover_reticule, st_stairs_14, uniq_eustachio
D:6:      layout_rooms, lemuel_round_altar
D:7:      layout_gridville, makhleb_heckhound_becter, lemuel_tele_altar,
          old_standard_altar
D:8:      cheibrodos_statue_roulette, layout_gridville,
          mainiacjoe_overflow_boulevard, serial_shops, nicolae_shop_statue_plus,
          minmay_misc_feat_rugged
Temple:   bh_familiar_temple

Skill      XL: |  1  2  3  4  5  6  7  8  9 |
---------------+----------------------------+-----
Spellcasting   | 4 5 6 7 8 9 |  9.6
Dodging        | |  2.1
Stealth        | |  1.5

Action                     |  1- 3 |  4- 6 |  7- 9 || total
---------------------------+-------+-------+-------++-------
  Melee: Hand axe          |     2 |       |       ||     2
   Cast: Magic Dart        |    47 |    99 |    66 ||   212
         Searing Ray       |     6 |    20 |    38 ||    64
         Fulminant Prism   |       |     1 |    15 ||    16
         Iskenderun's Myst |       |     1 |    24 ||    25
         Swiftness         |       |       |     1 ||     1
    Use: Scroll            |       |     8 |     1 ||     9
         Potion            |       |     4 |     1 ||     5
 Armour: Robe              |     2 |     6 |     3 ||    11
         Skin              |       |     2 |       ||     2
  Dodge: Dodged            |     3 |     9 |    28 ||    40

Table legend: (Time is in decaauts)
 A = Elapsed time spent in this place.
 B = Non-inter-level travel time spent in this place.
 C = Inter-level travel time spent in this place.
 D = Time resting spent in this place.
 E = Time spent auto-exploring this place.
 F = Levels seen in this place.
 G = Mean time per level.
                   A        B        C        D        E       F      G
               +--------+--------+--------+--------+--------+-----+--------+
         Total |   5384 |   5171 |    213 |    664 |   3831 |  10 |  538.4 |
       Dungeon |   4609 |   4463 |    146 |    664 |   3233 |   8 |  576.1 |
        Temple |    313 |    246 |     67 |      0 |    241 |   1 |  313.0 |
         Sewer |    461 |    461 |      0 |      0 |    357 |   1 |  461.0 |
               +--------+--------+--------+--------+--------+-----+--------+

Top non-repeatable levels by time:
     D:4: 1811 daAuts
     D:5: 857 daAuts
     D:2: 779 daAuts
     D:1: 641 daAuts
   Sewer: 461 daAuts
     D:3: 445 daAuts
  Temple: 313 daAuts
     D:8: 36 daAuts
     D:7: 29 daAuts
     D:6: 6 daAuts
